 Dungeon Crawl Stone Soup version 0.30-a0-352-g1e81539c98 (webtiles) character file.

Game seed: 10201813301504432064

1994 Elric the Cleaver (level 9, -2/71 HPs)
             Began as a Minotaur Fighter on Nov 7, 2022.
             Was a Follower of Makhleb.
             Slain by a water moccasin (7 damage)
             ... on level 6 of the Dungeon.
             The game lasted 00:05:19 (4575 turns).

Elric the Cleaver (Minotaur Fighter)                Turns: 4575, Time: 00:05:21

Health: -2/71      AC: 12    Str: 23 (24) XL:     9   Next: 1%
Magic:  8/8        EV:  6    Int:  3 (5)  God:    Makhleb [*.....]
Gold:   366        SH:  4    Dex:  9 (11) Spells: 8/8 levels left

rFire   . . .      SeeInvis .    a - +0 war axe
rCold   . . .      Faith    .    c - +0 buckler
rNeg    . . .      Spirit   .    y - +0 plate armour
rPois   .          Reflect  .    (helmet restricted)
rElec   .          Harm     .    (no cloak)
rCorr   .          Rampage  .    f - +0 pair of gloves
Will    .....                    (no boots)
Stlth   ..........               (no amulet)
HPRegen 0.31/turn                (no ring)
MPRegen 0.11/turn                (no ring)

@: lethally poisoned (-2 -> -19)
A: horns 2, retaliatory headbutt
a: Renounce Religion


You were on level 6 of the Dungeon.
You worshipped Makhleb.
Makhleb was aware of your devotion.
You visited 2 branches of the dungeon, and saw 7 of its levels.

You collected 366 gold pieces.

Inventory:

Hand Weapons
 a - a +0 war axe (weapon)
Armour
 b - a +0 scale mail
 c - a +0 buckler (worn)
 f - a +0 pair of gloves (worn)
 y - a +0 plate armour (worn)
Jewellery
 x - a ring of flight
 C - a +6 ring of strength
Scrolls
 h - 3 scrolls of magic mapping {unknown}
 i - 4 scrolls of identify {unknown}
 k - 2 scrolls of butterflies {unknown}
 l - 2 scrolls of enchant armour {unknown}
 n - 2 scrolls of blinking {unknown}
 o - 3 scrolls of amnesia {unknown}
 r - 2 scrolls of vulnerability {unknown}
 s - 2 scrolls of torment {unknown}
 u - 4 scrolls of teleportation {unknown}
 v - 3 scrolls of noise {unknown}
 B - a scroll of silence {unknown}
 D - a scroll of immolation {unknown}
Potions
 d - a potion of might
 e - a potion of flight {unknown}
 g - a potion of magic {unknown}
 j - 2 potions of heal wounds {unknown}
 m - 4 potions of degeneration
 p - 4 potions of brilliance {unknown}
 q - 2 potions of haste {unknown}
 t - 2 potions of ambrosia {unknown}
 w - 4 potions of curing {unknown}
 z - a potion of berserk rage {unknown}
 A - a potion of attraction {unknown}


   Skills:
 - Level 3.8 Fighting
 + Level 13.8 Axes
 - Level 3.8 Armour
 - Level 3.8 Shields


You had 8 spell levels left.
You didn't know any spells.
Your spell library contained the following spells:

 Spells                   Type           Power      Damage    Failure   Level
 Apportation              Tloc           0%         N/A       100%        1
 Necrotise                Necr           0%         1d4       100%        1
 Summon Small Mammal      Summ           0%         N/A       100%        1
 Static Discharge         Conj/Air       0%         2-2/arc   100%        2
 Tukima's Dance           Hex            0%         N/A       100%        3
 Passage of Golubria      Tloc           0%         N/A       100%        4
 Alistair's Intoxication  Tmut/Pois      0%         N/A       100%        5
 Yara's Violent Unravell  Hex/Tmut       0%         3d3       100%        5


Dungeon Overview and Level Annotations

Branches:
Dungeon (6/15)             Temple (1/1) D:4

Altars:
Cheibriados
Elyvilon
Fedhas
Kikubaaqudgha
Makhleb
Okawaru
Qazlal
Sif Muna
Trog
Vehumet
Xom
Yredelemnul
Zin
The Shining One

Shops:
D:1 (   D:6 (


Innate Abilities, Weirdness & Mutations

You have a pair of horns on your head.
You reflexively headbutt those who attack you in melee.


Message History

The water moccasin bites you.
You are more poisoned.
The water moccasin poisons you!
You completely miss the water moccasin. You headbutt the water moccasin.
The water moccasin is severely wounded.
You feel very sick.
The water moccasin bites you but does no damage.
You completely miss the water moccasin.
The water moccasin is severely wounded.
You feel very sick. You block the water moccasin's attack.
You barely miss the water moccasin.
The water moccasin is severely wounded.
You feel very sick. The water moccasin bites you.
You are lethally poisoned!
The water moccasin poisons you!
You are too injured to fight recklessly!
You barely miss the water moccasin.
Your headbutt misses the water moccasin.
The water moccasin is severely wounded.
* * * LOW HITPOINT WARNING * * *
You feel very sick. You block the water moccasin's attack.
You closely miss the water moccasin.
Your headbutt misses the water moccasin.
The water moccasin is severely wounded.
* * * LOW HITPOINT WARNING * * *
You feel very sick. The water moccasin bites you.
* * * LOW HITPOINT WARNING * * *
The water moccasin bites you but does no damage.
Unknown command.
It was a potion of degeneration.
There was something very wrong with that liquid.
You feel weakened.
You feel dopey.
You feel clumsy.
* * * LOW HITPOINT WARNING * * *
You feel very sick. The water moccasin bites you!
You die...

.......#
#.#
#.##.#.#
#.# #.#
#.# #.#
#.# #.#
..#.####.#
.....SS@.#
..#.######


You could see a water moccasin and an adder.

Vanquished Creatures
  The ghost of b0ghi the Trooper, an amateur MiFi (D:3)
  Eustachio (D:4)
  3 ice beasts
  A sky beast (D:6)
  An orc warrior (D:5)
  A phantom (D:6)
  2 bullfrogs
  3 scorpions
  A necrophage (D:4)
  4 killer bees (D:6)
  A hound (D:5)
  2 jellies (D:5)
  Natasha (D:4)
  6 iguanas
  2 orc wizards (D:5)
  A gnoll bouda (D:5)
  7 adders
  3 gnolls (D:5)
  2 white imps (D:5)
  An ufetubus (D:5)
  2 worms
  3 dart slugs (D:3)
  11 orcs
  5 endoplasms
  2 giant cockroaches (D:3)
  4 hobgoblins
  3 jackals (D:2)
  3 quokkas
  7 ball pythons
  6 bats
  A frilled lizard (D:2)
  9 goblins
  4 kobolds (D:3)
  5 rats
109 creatures vanquished.

Vanquished Creatures (others)
  A plant (D:4)
  3 toadstools (D:3)
4 creatures vanquished.

Grand Total: 113 creatures vanquished

Notes
Turn   | Place    | Note
-------+----------+-------------------------------------------
     0 | D:1      | Elric the Minotaur Fighter began the quest for the Orb.
     0 | D:1      | Reached XP level 1. HP: 19/19 MP: 0/0
   283 | D:1      | Reached XP level 2. HP: 27/27 MP: 1/1
   288 | D:1      | Found Boor Uso's Weapon Shop.
   594 | D:2      | Found a faded altar of an unknown god.
   617 | D:2      | Reached skill level 3 in Axes
   714 | D:2      | Reached XP level 3. HP: 33/33 MP: 2/2
   758 | D:2      | Reached skill level 4 in Axes
   951 | D:2      | Reached XP level 4. HP: 27/40 MP: 3/3
  1538 | D:3      | Reached skill level 5 in Axes
  1558 | D:3      | Noticed a scorpion
  1561 | D:3      | Killed a scorpion
  1562 | D:3      | Reached XP level 5. HP: 46/46 MP: 4/4
  1622 | D:3      | Reached skill level 6 in Axes
  1627 | D:3      | Found a runed translucent door.
  1628 | D:3      | Noticed b0ghi's ghost (amateur MiFi)
  2302 | D:3      | Reached skill level 7 in Axes
  2313 | D:3      | Killed b0ghi's ghost
  2314 | D:3      | Reached skill level 8 in Axes
  2314 | D:3      | Reached XP level 6. HP: 27/52 MP: 5/5
  2487 | D:4      | Found a staircase to the Ecumenical Temple.
  2510 | Temple   | Entered the Ecumenical Temple
  2578 | Temple   | Became a worshipper of Makhleb the Destroyer
  2660 | D:4      | Found an iron altar of Okawaru.
  2746 | D:4      | Reached skill level 9 in Axes
  2746 | D:4      | Reached XP level 7. HP: 55/58 MP: 6/6
  2797 | D:4      | Noticed Natasha
  2806 | D:4      | Killed Natasha
  3014 | D:4      | Noticed Eustachio
  3056 | D:4      | Killed Eustachio
  3057 | D:4      | Reached skill level 10 in Axes
  3412 | D:5      | Entered Level 5 of the Dungeon
  3447 | D:5      | Reached skill level 11 in Axes
  3447 | D:5      | Reached XP level 8. HP: 23/66 MP: 7/7
  3617 | D:5      | Found a shimmering blue altar of Sif Muna.
  3637 | D:5      | Got Sif Muna's Lectures on the Welkin
  3642 | D:5      | Found a bloodstained altar of Trog.
  3757 | D:5      | Found a faded altar of an unknown god.
  3830 | D:5      | Reached skill level 12 in Axes
  3912 | D:5      | Reached * piety under Makhleb
  4108 | D:5      | Found a stormy altar of Qazlal.
  4359 | D:6      | Reached skill level 13 in Axes
  4436 | D:6      | Found Otace's Weapon Boutique.
  4562 | D:6      | Reached XP level 9. HP: 71/71 MP: 8/8
  4575 | D:6      | Slain by a water moccasin

Illustrated notes

Levels and vault maps discovered:
D:1:      wheals_arrival_linesprint, layout_rooms, serial_shops,
          nicolae_shop_bloodbath_and_beyond
D:2:      layout_basic, ebering_ecumenical_altar_ruins
D:3:      minmay_octagon_keep, layout_basic, ebering_ghost_sewer_d,
          kennysheep_cluttered_room, minmay_crystal_room,
          minmay_gold_behind_fungi, uniq_crazy_yiuf_cottage
D:4:      layout_loops_ring, amcnicky_altar_gilded,
          minmay_temple_entry_gardened_gates, uniq_natasha, uniq_eustachio
D:5:      layout_cave_pools, nzn_overflow_gifts_of_might_and_magic,
          grunt_qazlal_clouds, serial_column_ruins, column_ruins_temple_circle,
          column_ruins_square_medium, column_ruins_open_medium,
          column_ruins_grid_3, column_ruins_open_tiny,
          column_ruins_columns_straight, column_ruins_open_tiny,
          column_ruins_columns_straight
D:6:      layout_basic, serial_shops, nicolae_shop_stone, serial_glass,
          glass_columns_b, glass_columns_b, due_unseen_surprise
Temple:   jpeg_temple_alley_garden

Skill      XL: |  1  2  3  4  5  6  7  8 |
---------------+-------------------------+-----
Axes           | 3 4 5 8 9 11 13 | 13.8
Fighting       | |  3.8
Armour         | |  3.8
Shields        | |  3.8

Action                   |  1- 3 |  4- 6 |  7- 9 || total
-------------------------+-------+-------+-------++-------
Melee: War axe           |    67 |    72 |   203 ||   342
       Headbutt          |     7 |     9 |    30 ||    46
  Use: Potion            |       |       |     1 ||     1
Armor: Scale mail        |    41 |    24 |       ||    65
       Plate armour      |       |     5 |   118 ||   123
Dodge: Dodged            |    41 |    29 |    47 ||   117
Block: Buckler           |    18 |    12 |    45 ||    75

Table legend: (Time is in decaauts)
 A = Elapsed time spent in this place.
 B = Non-inter-level travel time spent in this place.
 C = Inter-level travel time spent in this place.
 D = Time resting spent in this place.
 E = Time spent auto-exploring this place.
 F = Levels seen in this place.
 G = Mean time per level.
                   A        B        C        D        E       F      G
               +--------+--------+--------+--------+--------+-----+--------+
         Total |   4612 |   4327 |    285 |      0 |   3602 |   7 |  658.9 |
       Dungeon |   4511 |   4324 |    187 |      0 |   3602 |   6 |  751.8 |
        Temple |    101 |      3 |     98 |      0 |      0 |   1 |  101.0 |
               +--------+--------+--------+--------+--------+-----+--------+

Top non-repeatable levels by time:
     D:3: 1005 daAuts
     D:2: 928 daAuts
     D:5: 897 daAuts
     D:4: 837 daAuts
     D:1: 586 daAuts
     D:6: 254 daAuts
  Temple: 101 daAuts
